 Dungeon Crawl Stone Soup version 0.31-a0-981-geadf994542 (webtiles) character file.

Game seed: 3279027345983023034

5905 jasper the Carver (level 10, -5/88 HPs)
             Began as a Demonspawn Reaver on Oct 31, 2023.
             Was an Initiate of Okawaru.
             Slain by a centaur warrior (12 damage)
             ... on level 8 of the Dungeon.
             The game lasted 00:11:30 (7890 turns).

jasper the Carver (Demonspawn Reaver)               Turns: 7890, Time: 00:11:30

Health: -5/88      AC: 11    Str: 11    XL:     10   Next: 53%
Magic:  13/13      EV: 10    Int: 14    God:    Okawaru [......]
Gold:   497        SH:  4    Dex: 16    Spells: 9/13 levels left

rFire   + . .        x - +0 scimitar
rCold   . . .        D - +0 buckler
rNeg    . . .        q - +2 ring mail of Hoozol {rCorr}
rPois   .            (helmet restricted)
rElec   .            (no cloak)
rCorr   +            (no gloves)
SInv    .            s - +0 pair of boots
Will    .....        (no amulet)
Stlth   +            k - ring of flight
HPRegen 0.34/turn    i - ring of protection from fire
MPRegen 0.26/turn

%: clarity
@: flying
A: horns 2, magic regeneration, sharp scales 3, clarity, robust 1, weak 1
a: Renounce Religion


You were on level 8 of the Dungeon.
You worshipped Okawaru.
Okawaru was noncommittal.
You visited 1 branch of the dungeon, and saw 8 of its levels.
You also visited: Ossuary.

You collected 497 gold pieces.

Inventory:

Hand Weapons
 a - a +1 falchion
 c - a +0 short sword
 m - a +0 long sword
 r - a +1 short sword of electrocution
 x - a +0 scimitar (weapon)
Missiles
 d - 118 stones (quivered)
 F - 4 boomerangs
Armour
 b - a +0 leather armour
 g - a +0 scale mail
 q - the +2 ring mail of Hoozol (worn) {rCorr}
   (You found it on level 2 of the Dungeon)

   rCorr:     It protects you from acid and corrosion.
 s - a +0 pair of boots (worn)
 D - a +0 buckler (worn)
Jewellery
 i - a ring of protection from fire (right hand)
 k - a ring of flight (left hand)
 l - a ring of positive energy
Wands
 f - a wand of flame (15)
 n - a wand of acid (10)
 o - a wand of mindburst (3)
Scrolls
 e - 3 scrolls of teleportation
 t - 3 scrolls of immolation
 u - a scroll of fear
 y - 2 scrolls of identify
 C - a scroll of vulnerability
Potions
 h - a potion of berserk rage
 j - a potion of mutation
 p - 3 potions of brilliance
 v - 2 potions of might
 w - 2 potions of heal wounds
 z - a potion of attraction
 A - a potion of curing
 B - a potion of lignification
 E - a potion of resistance {unknown}


   Skills:
 + Level 7.7 Fighting
 - Level 14.0 Long Blades
 + Level 1.2 Armour
 + Level 2.2 Dodging
 + Level 1.1 Shields
 - Level 2.0 Spellcasting
 - Level 3.0 Conjurations
 * Level 2.7 Invocations


You had 9 spell levels left.
You knew the following spells:

 Your Spells              Type           Power      Damage    Failure   Level
a - Kiss of Death         Conj/Necr      20%        2d7       41%         1
b - Mephitic Cloud        Conj/Pois/Air  4%         N/A       86%         3

Your spell library contained the following spells:

 Spells                   Type           Power      Damage    Failure   Level
 Momentum Strike          Conj/Tloc      10%        3d8       56%         2
 Cigotuvi's Dreadful Rot  Necr/Pois/Air  2%         N/A       77%         2
 Poisonous Vapours        Pois/Air       2%         N/A       77%         2
 Hailstorm                Conj/Ice       5%         3d4       80%         3
 Dispel Undead            Necr           1%         3d6       100%        4
 Olgreb's Toxic Radiance  Pois           1%         N/A       100%        4
 Freezing Cloud           Conj/Ice/Air   2%         6-21      100%        5
 Discord                  Hex            0%         N/A       100%        8
 Ignition                 Fire           0%         3d3       100%        8
 Death Channel            Necr           Unusable   N/A       N/A         6

Dungeon Overview and Level Annotations

Branches:
Dungeon (8/15)             Temple (0/1) D:7         Ossuary (visited)
   Lair: D:8-11

Altars:
Dithmenos
Makhleb
Okawaru
Trog
Vehumet
Wu Jian
Xom
Yredelemnul

Shops:
D:2 :

Annotations:
D:6 3 runed translucent doors, Cadnt's ghost, novice DsFi


Innate Abilities, Weirdness & Mutations

You have a pair of horns on your head.
You regenerate magic rapidly.
You are completely covered in razor-sharp scales. (AC +3, Slay +3)
You possess an exceptional clarity of mind.
You are robust. (+10% HP)
You are weak. (Str -2)


Message History

The steam dragon closely misses you.
The steam dragon claws you but does no damage.
You slash the steam dragon!
The steam dragon is severely wounded.
The steam dragon bites you. The steam dragon closely misses you.
You take 4 damage, and have 84/88 hp.
You completely miss the steam dragon. You headbutt the steam dragon.
The steam dragon is severely wounded.
The steam dragon completely misses you. The steam dragon barely misses you.
You slash the steam dragon! You headbutt the steam dragon.
You kill the steam dragon!
Okawaru accepts your kill.
There is a stone staircase leading down here.
Found 18 gold pieces.
You now have 486 gold pieces (gained 18).
Found a stone staircase leading down.
Health restored: 88 You now have 497 gold pieces (gained 11).
A centaur warrior comes into view.
Found a glowing silver altar of Zin.
The centaur warrior wields a +0 shortbow.
The centaur warrior shoots an arrow.
The arrow hits you!
You take 10 damage, and have 78/88 hp.
Found 19 gold pieces.
The centaur warrior shoots an arrow.
The arrow hits you!
You take 15 damage, and have 63/88 hp.
The centaur warrior shoots an arrow.
You block the arrow.
The centaur warrior shoots an arrow.
The arrow hits you!
You take 16 damage, and have 47/88 hp.
The centaur warrior shoots an arrow.
The arrow hits you!
You take 7 damage, and have 40/88 hp.
The centaur warrior shoots an arrow.
The arrow hits you.
The centaur warrior shoots an arrow.
The arrow hits you!!
* * * LOW HITPOINT WARNING * * *
You take 27 damage, and have 13/88 hp.
MASSIVE DAMAGE!!
The centaur warrior shoots an arrow.
The arrow hits you!
* * * LOW HITPOINT WARNING * * *
You take 6 damage, and have 7/88 hp.
The centaur warrior unwields a +0 shortbow.
The centaur warrior hits you!
You die...

###########
....$.....#
#.....#.##
####..c.....#
#....._@....###
..###.......>.##
##.........#
##..!.....#
###...##.#
#...##.#
##.###.# #.#
#.##### #.
#.#...##


You could see a centaur warrior.

Vanquished Creatures
  Pikel (D:6)
  A cyclops (D:8)
  Maggie (D:8)
  Grinder (D:3)
  Sigmund (D:3)
  A wyvern (D:5)
  A steam dragon (D:8)
  Eustachio (D:6)
  A water moccasin (D:6)
  Edmund (D:4)
  Duvessa (D:4)
  A black bear (D:5)
  An ice beast (D:6)
  An ogre (D:5)
  A centaur (D:6)
  A phantom (D:5)
  3 lemures (D:6)
  A kobold brigand (D:8)
  A bullfrog (D:7)
  A gnoll sergeant (D:8)
  3 scorpions
  3 wights (D:8)
  Dowan (D:4)
  2 howler monkeys
  2 hounds
  A jelly (D:6)
  3 orc priests
  4 sleepcaps
  3 iguanas
  Ijyb (D:3)
  Terence (D:3)
  6 orc wizards
  A mummy (Ossuary)
  5 gnolls (D:8)
  10 adders
  A shadow imp (D:6)
  A white imp (D:6)
  2 ufetubi (D:6)
  15 orcs
  3 spectral bats (Ossuary)
  6 bats
  4 endoplasms
  2 giant cockroaches
  12 gnoll zombies (Ossuary)
  6 goblins
  5 hobgoblins
  11 kobolds
  2 quokkas
  10 ball pythons
  2 bat simulacra (Ossuary)
  4 frilled lizards
  5 goblin simulacra (Ossuary)
  4 goblin zombies (Ossuary)
  6 hobgoblin zombies (Ossuary)
  2 kobold simulacra (Ossuary)
  4 kobold zombies (Ossuary)
  4 orc zombies (Ossuary)
  3 rats
  3 rat simulacra (Ossuary)
  3 spectral goblins (Ossuary)
  4 spectral kobolds (Ossuary)
  5 spectral rats (Ossuary)
197 creatures vanquished.

Vanquished Creatures (collateral kills)
  A sleepcap (D:6)
1 creature vanquished.

Grand Total: 198 creatures vanquished

Notes
Turn   | Place    | Note
-------+----------+-------------------------------------------
     0 | D:1      | jasper the Demonspawn Reaver began the quest for the Orb.
     0 | D:1      | Reached XP level 1. HP: 16/16 MP: 3/3
   281 | D:1      | Reached skill level 3 in Long Blades
   329 | D:1      | Gained mutation: You have a pair of small horns on your
                  | head. [demonic ancestry]
   329 | D:1      | Reached XP level 2. HP: 20/22 MP: 5/5
  1063 | D:2      | Found a shimmering altar of Xom.
  1083 | D:2      | Gained mutation: You are partially covered in razor-sharp
                  | scales. (AC +1, Slay +1) [demonic ancestry]
  1083 | D:2      | Reached XP level 3. HP: 24/25 MP: 4/6
  1434 | D:2      | Identified the +2 ring mail of Hoozol {rCorr}
  1527 | D:2      | Found Faeschidgh's Book Boutique.
  1859 | D:3      | Noticed Sigmund
  1870 | D:3      | Killed Sigmund
  1871 | D:3      | Reached skill level 5 in Long Blades
  1871 | D:3      | Gained mutation: You have a pair of horns on your head.
                  | [demonic ancestry]
  1871 | D:3      | Reached XP level 4. HP: 37/37 MP: 7/7
  1871 | D:3      | Gained mutation: You are mostly covered in razor-sharp
                  | scales. (AC +2, Slay +2) [demonic ancestry]
  1871 | D:3      | Reached XP level 5. HP: 42/42 MP: 8/8
  1982 | D:3      | Noticed Ijyb
  1983 | D:3      | Noticed Terence
  1990 | D:3      | Killed Ijyb
  1994 | D:3      | Killed Terence
  1995 | D:3      | Reached XP level 6. HP: 26/33 MP: 6/9
  2165 | D:3      | Noticed Grinder
  2177 | D:3      | Killed Grinder
  2178 | D:3      | Reached skill level 6 in Long Blades
  2550 | D:3      | Found a bloodstained altar of Trog.
  2746 | D:4      | Reached XP level 7. HP: 41/55 MP: 10/10
  3070 | D:4      | Noticed Edmund
  3079 | D:4      | Gained mutation: You are robust. (+10% HP) [potion of
                  | mutation]
  3079 | D:4      | Gained mutation: You possess an exceptional clarity of
                  | mind. [potion of mutation]
  3079 | D:4      | Gained mutation: You are weak. (Str -2) [potion of
                  | mutation]
  3098 | D:4      | Killed Edmund
  3099 | D:4      | Reached skill level 5 in Fighting
  3375 | D:4      | Noticed Duvessa
  3376 | D:4      | Noticed Dowan
  3397 | D:4      | Killed Duvessa
  3398 | D:4      | Reached skill level 7 in Long Blades
  3403 | D:4      | Killed Dowan
  3989 | D:5      | Entered Level 5 of the Dungeon
  4040 | D:5      | Gained mutation: You are completely covered in razor-sharp
                  | scales. (AC +3, Slay +3) [demonic ancestry]
  4040 | D:5      | Reached XP level 8. HP: 48/70 MP: 11/11
  4228 | D:5      | Reached skill level 8 in Long Blades
  4741 | D:6      | Reached skill level 9 in Long Blades
  4769 | D:6      | Reached skill level 13 in Long Blades
  4769 | D:6      | Gained mutation: You regenerate magic rapidly. [demonic
                  | ancestry]
  4769 | D:6      | Reached XP level 9. HP: 78/78 MP: 12/12
  5162 | D:6      | Found a runed translucent gate.
  5162 | D:6      | Found a runed translucent gate.
  5162 | D:6      | Found a runed translucent gate.
  5166 | D:6      | Noticed Cadnt's ghost (novice DsFi)
  5166 | D:6      | Identified the +0 chain mail of Veggyppacim {Drain Fly
                  | rPois rN++}
  5175 | D:6      | Reached XP level 10. HP: 86/86 MP: 13/13
  5371 | D:6      | Noticed Pikel
  5381 | D:6      | Killed Pikel
  5611 | D:6      | Noticed Eustachio
  5619 | D:6      | Killed Eustachio
  5667 | D:6      | Found an iron altar of Okawaru.
  5771 | D:6      | Became a worshipper of Warmaster Okawaru
  5878 | D:7      | Found a sand-covered staircase.
  5888 | Ossuary  | Entered an ossuary
  6502 | D:7      | Found a staircase to the Ecumenical Temple.
  6633 | D:7      | Learned a level 3 spell: Mephitic Cloud
  6640 | D:7      | Reached skill level 14 in Long Blades
  6669 | D:7      | Found an ornate altar of the Wu Jian Council.
  6748 | D:7      | Found a shadowy altar of Dithmenos.
  7032 | D:7      | Found a basalt altar of Yredelemnul.
  7039 | D:7      | Found a burning altar of Makhleb.
  7042 | D:7      | Found a radiant altar of Vehumet.
  7044 | D:7      | Found a faded altar of an unknown god.
  7330 | D:8      | Noticed Maggie
  7340 | D:8      | Killed Maggie
  7341 | D:8      | Reached skill level 1 in Invocations
  7624 | D:8      | Noticed a cyclops
  7642 | D:8      | Killed a cyclops
  7643 | D:8      | Reached skill level 1 in Armour
  7643 | D:8      | Reached skill level 1 in Shields
  7711 | D:8      | Found a bloodstained altar of Trog.
  7884 | D:8      | Noticed a centaur warrior
  7890 | D:8      | Slain by a centaur warrior

Illustrated notes

Levels and vault maps discovered:
D:1:      dpeg_arrival_three_bigger_balls, layout_basic
D:2:      layout_basic, serial_shops, nicolae_shop_behind_doors, basic_altar
D:3:      layout_loops_ring, mainiacjoe_overflow_alcove_1, uniq_ijyb,
          uniq_sigmund, uniq_grinder, uniq_terence
D:4:      layout_basic, uniq_duvessa, uniq_edmund
D:5:      cheibrodos_two_vegetables, layout_rooms, st_stairs_10,
          nrook_pool_corridor
D:6:      layout_loops_ring, lemuel_coloured_pillars_altar,
          biasface_ghost_orc_armoury, nrook_mini_backslash, uniq_eustachio,
          uniq_pikel
D:7:      layout_basic, nzn_wu_jian_contemplation,
          chequers_temple_overflow_minitemple,
          nicolae_dithmenos_through_a_glass_darkly,
          minmay_temple_entry_offerings, enter_ossuary_3, chequers_jeans,
          minivault_14
D:8:      layout_loops_ring, hangedman_feature_mirror, uniq_maggie

Skill      XL: |  1  2  3  4  5  6  7  8  9 10 |
---------------+-------------------------------+-----
Long Blades    | 3 5 6 7 13 14 | 14.0
Fighting       | 3 4 5 6 7 |  7.7
Invocations    | 2 |  2.7
Dodging        | 2 |  2.2
Armour         | 1 |  1.2
Shields        | 1 |  1.1
Spellcasting   | |  2.0
Conjurations   | |  3.0

Action                     |  1- 3 |  4- 6 |  7- 9 | 10-12 || total
---------------------------+-------+-------+-------+-------++-------
  Melee: Falchion          |    97 |    55 |   188 |       ||   340
         Headbutt          |    10 |    13 |    44 |    44 ||   111
         Punch             |     1 |     1 |     4 |     1 ||     7
         Unarmed           |     3 |       |       |       ||     3
         Long sword        |       |       |    14 |   160 ||   174
         Scimitar          |       |       |       |    55 ||    55
  Throw: Stone             |     5 |       |       |     1 ||     6
   Cast: Kiss of Death     |     1 |     3 |       |       ||     4
  Evoke: Wand              |       |     2 |     5 |     2 ||     9
    Use: Scroll            |     7 |     2 |     4 |     3 ||    16
         Potion            |     1 |     1 |     9 |       ||    11
 Armour: Leather armour    |    14 |       |       |       ||    14
         Scale mail        |    43 |       |       |       ||    43
         Ring mail         |     5 |    22 |   149 |    96 ||   272
         Skin              |     2 |       |       |       ||     2
  Dodge: Dodged            |    61 |    26 |    97 |    85 ||   269
  Block: Buckler           |       |       |       |     5 ||     5

Table legend: (Time is in decaauts)
 A = Elapsed time spent in this place.
 B = Non-inter-level travel time spent in this place.
 C = Inter-level travel time spent in this place.
 D = Time resting spent in this place.
 E = Time spent auto-exploring this place.
 F = Levels seen in this place.
 G = Mean time per level.
                   A        B        C        D        E       F      G
               +--------+--------+--------+--------+--------+-----+--------+
         Total |   7804 |   7442 |    362 |    163 |   5911 |   9 |  867.1 |
       Dungeon |   7296 |   6934 |    362 |     30 |   5731 |   8 |  912.0 |
       Ossuary |    508 |    508 |      0 |    133 |    180 |   1 |  508.0 |
               +--------+--------+--------+--------+--------+-----+--------+

Top non-repeatable levels by time:
     D:4: 1313 daAuts
     D:6: 1163 daAuts
     D:3: 903 daAuts
     D:1: 895 daAuts
     D:7: 887 daAuts
     D:2: 885 daAuts
     D:5: 649 daAuts
     D:8: 598 daAuts
 Ossuary: 508 daAuts
